AoeStats
← catchchez

Arabia

510460268Analyzed
1v1 RM · 3d ago on Oct 1, 2026· 54m 39s· 2 players
Game mode
Random Map
Map size
Tiny (2 player)
Population
200
Speed
Normal
Resources
Standard
Victory
Conquest
Starting age
Dark Age
Ending age
Imperial Age
RankedLock teamsTeams togetherTeam positionsShared explorationLock speedFull tech treeHidden civsTurbo modeCheats
Victory
Defeat
🇮🇳 Sicilians · India
768
+15
🇭🇳 Byzantines · Honduras
755
-15
ale544
7:41 Loom
10:19 Feudal Age
15:28 Wheelbarrow
20:17 Double-Bit Axe
27:53 Castle Age
27:26 Horse Collar
29:16 Fletching
43:43 Hand Cart
catchchez
1:38 Loom
10:51 Feudal Age
10:59 Man-at-Arms
16:39 Fletching
20:06 Double-Bit Axe
30:45 Castle Age
31:51 Bodkin Arrow
37:11 Pikeman
49:19 Imperial Age
47:16 Long Swordsman
Connection lost

Rejoining the realm…

Still unreachable

The connection could not be restored.

Session expired

The server has moved on; the page needs a fresh start.